 Dungeon Crawl Stone Soup version 0.30-a0-1082-g70414cbcbb (webtiles) character file.

Game seed: 756409543606467760

1456 CryoSword the Conjurer (level 8, -9/66 HPs)
             Began as a Demigod Conjurer on Apr 14, 2023.
             Mangled by a komodo dragon (27 damage)
             ... on level 6 of the Dungeon on Apr 15, 2023.
             The game lasted 00:08:12 (6195 turns).

CryoSword the Conjurer (Demigod Conjurer)           Turns: 6195, Time: 00:08:13

Health: -9/66      AC:  4    Str: 18    XL:     8   Next: 23%
Magic:  12/13      EV: 12    Int: 27    God:
Gold:   36         SH:  0    Dex: 12    Spells: 7/10 levels left

rFire   + . .      SeeInvis .    a - +2 scythe (drain)
rCold   . . .      Faith    .    (shield currently unavailable)
rNeg    . . .      Spirit   .    f - +0 robe "Xukuzuin" {rF+ Regen+}
rPois   .          Reflect  .    (no helmet)
rElec   .          Rampage  .    (no cloak)
rCorr   .                        c - +1 pair of gloves
Will    +....                    (no boots)
Stlth   ++                       l - amulet of magic regeneration
HPRegen 1.11/turn                k - ring of willpower
MPRegen 0.53/turn                n - ring of Jurrycli {Str+6 Int+3}

@: no status effects
A: high MP 1, forlorn, divine attributes
a: no special abilities


You were on level 6 of the Dungeon.
You visited 1 branch of the dungeon, and saw 6 of its levels.

You collected 259 gold pieces.
You spent 223 gold pieces at shops.

Inventory:

Hand Weapons
 a - a +2 scythe of draining (weapon)
   (You took it off Sigmund on level 3 of the Dungeon)
Missiles
 h - 13 poisoned darts
Armour
 c - a +1 pair of gloves (worn)
   (You found it on level 1 of the Dungeon)
 f - the +0 robe "Xukuzuin" (worn) {rF+ Regen+}
   (You found it on level 3 of the Dungeon)

   rF:        It protects you from fire.
   Regen:     It increases your rate of health regeneration.
Jewellery
 i - a ring of fire
   (You found it on level 1 of the Dungeon)
 k - a ring of willpower (left hand)
   (You found it on level 1 of the Dungeon)
 l - an amulet of magic regeneration (around neck)
   (You found it on level 6 of the Dungeon)
 n - the ring of Jurrycli (right hand) {Str+6 Int+3}
   (You found it on level 3 of the Dungeon)

   [ring of strength]

   Str:       It affects your strength (+6).
   Int:       It affects your intelligence (+3).
 q - a ring of flight
   (You found it on level 2 of the Dungeon)
Wands
 b - a wand of paralysis (7) (quivered)
   (You took it off Ijyb on level 3 of the Dungeon)
 y - a wand of quicksilver (13)
   (You took it off Natasha on level 4 of the Dungeon)
Scrolls
 j - a scroll of teleportation {@r4}
 o - a scroll of magic mapping {unknown}
 t - a scroll of noise {unknown}
 u - a scroll of fog {unknown}
 v - a scroll of enchant weapon
 w - a scroll of brand weapon
 x - a scroll of butterflies {unknown}
 A - a scroll of poison {unknown}
 C - a scroll of immolation {unknown}
 E - a scroll of blinking
 F - 2 scrolls of amnesia
 G - a scroll of fear
Potions
 d - a potion of mutation {!q}
 e - a potion of degeneration {unknown}
 g - a potion of haste {unknown}
 m - a potion of attraction {unknown}
 p - a potion of berserk rage {unknown}
 r - 6 potions of curing {@q1}
 z - 2 potions of heal wounds {@q2}
 D - a potion of lignification {unknown}


   Skills:
 + Level 3.7 Fighting
 * Level 5.4 Polearms
 + Level 1.4 Armour
 + Level 2.4 Dodging
 + Level 2.6 Stealth
 - Level 1.7 Spellcasting
 + Level 7.0 Conjurations


You had 7 spell levels left.
You knew the following spells:

 Your Spells              Type           Power      Damage    Failure   Level
a - Magic Dart            Conj           100%       1d8       1%          1
b - Searing Ray           Conj           80%        2d7       1%          2

Your spell library contained the following spells:

 Spells                   Type           Power      Damage    Failure   Level
 Dazzling Flash           Conj/Hex       42%        N/A       7%          3
 Slow                     Hex            8%         N/A       10%         1
 Blink                    Tloc           4%         N/A       16%         2
 Fulminant Prism          Conj/Hex       10%        3d8       24%         4
 Iskenderun's Mystic Bla  Conj/Tloc      21%        2d6       24%         4
 Confusing Touch          Hex            2%         N/A       30%         3
 Ozocubu's Armour         Ice            2%         N/A       30%         3
 Vampiric Draining        Necr           2%         2d6       30%         3
 Manifold Assault         Tloc           2%         N/A       69%         4
 Ozocubu's Refrigeration  Ice            1%         4d7       100%        7
 Storm Form               Tmut/Air       1%         N/A       100%        7


Dungeon Overview and Level Annotations

Branches:
Dungeon (6/15)
 Temple: D:4-7

Shops:
D:5 ***


Innate Abilities, Weirdness & Mutations

You have an increased reservoir of magic. (+10% MP)
You shall have no god before yourself.
Your divine heritage dramatically boosts your attributes as you level up.


Message History

Your damage rating with your +2 scythe of draining is about 20 (Base 13 x 120% (Str) x 114% (Skill) + 2 (Ench)).
Your base attributes are Str 12, Int 24, Dex 12.
There is a stone staircase leading down here.
You climb downwards.
There is a stone staircase leading up here.
There are monsters nearby!
Aim: an adder (asleep, 100% to hit)
The searing ray hits the adder! (Press . to maintain the ray.)
The adder misses you.
The searing ray hits the adder.
You kill the adder!
Restarting spell: Searing Ray (safe; 1% risk of failure)
Aim: a sky beast (asleep, 100% to hit)
The searing ray hits the sky beast! (Press . to maintain the ray.)
The searing ray hits the sky beast!
The searing ray hits the sky beast!
You kill the sky beast!
Your Dodging skill increases to level 2!
Your Stealth skill increases to level 2!
Found 6 stones.
Found 6 stones.
You now have 36 gold pieces (gained 11).
Could not explore, unopened door.
You open the door.
A phantom comes into view.
Found a dented lapis lazuli amulet.
A phantom is nearby!
A phantom is nearby!
You reach to attack!
You hit the phantom.
A hound comes into view.
You hit the phantom. The phantom hits you.
The phantom blinks!
You blink.
Aim: a phantom (heavily damaged, 73% to hit)
The searing ray hits the phantom. (Press . to maintain the ray.)
The phantom barely misses you.
The searing ray hits the phantom.
The hound closely misses you. The phantom closely misses you.
The hound barely misses you.
The searing ray hits the phantom.
You destroy the phantom!
The hound closely misses you.
Your Polearms skill increases to level 5!
You have reached level 8!
You miss the hound. The hound bites you. The hound closely misses you.
Aim: a hound (73% to hit)
The searing ray hits the hound. (Press . to maintain the ray.)
The hound bites you but does no damage. The hound bites you.
The searing ray hits the hound.
The hound bites you.
The searing ray hits the hound!
You kill the hound!
Your Armour skill increases to level 1!
There is an open door here.
l - an amulet of magic regeneration You start putting on your amulet.
You continue putting on your amulet of magic regeneration. x5
You finish putting on your amulet of magic regeneration.
l - an amulet of magic regeneration (around neck)
There is an open door here.
Could not explore, unopened door.
Could not explore, unopened door.
Could not explore, unopened door.
You open the door.
A water moccasin, an adder and a yak come into view.
There are monsters nearby!
There are monsters nearby!
A steam dragon and a komodo dragon come into view.
Found a scroll of amnesia, 20 gold pieces, a short sword and 4 poisoned darts.
There is an open door here.
Aim: a steam dragon (asleep, 100% to hit)
The searing ray hits the steam dragon.
The steam dragon hisses angrily. (Press . to maintain the ray.)
The steam dragon breathes steam at you. The ball of steam hits you. You resist.
The water moccasin is engulfed in a cloud of scalding steam.
The water moccasin attacks as you move away!
The water moccasin bites you.
You are poisoned.
The water moccasin poisons you!
You feel very sick.
You feel very sick.
You feel sick. The water moccasin barely misses you.
Aim: a steam dragon (lightly wounded, 81% to hit)
The searing ray hits the water moccasin.
The searing ray misses the steam dragon. (Press . to maintain the ray.)
You feel sick.
The water moccasin bites you but does no damage.
The searing ray hits the water moccasin!
The searing ray hits the steam dragon.
You feel sick. The water moccasin closely misses you.
The water moccasin barely misses you.
The searing ray misses the water moccasin.
The searing ray hits the steam dragon.
You feel sick. The water moccasin bites you.
Restarting spell: Searing Ray (safe; 1% risk of failure)
Aim: a steam dragon (heavily wounded, 81% to hit)
The searing ray hits the water moccasin.
The searing ray hits the steam dragon. (Press . to maintain the ray.)
You feel sick. The water moccasin bites you.
The searing ray hits the water moccasin!
You kill the water moccasin!
The searing ray hits the steam dragon!
You feel sick.
The searing ray hits the adder.
The searing ray hits the steam dragon.
You kill the steam dragon!
You feel sick. The adder barely misses you.
The adder bites you but does no damage.
Your Conjurations skill increases to level 7!
Restarting spell: Searing Ray (safe; 1% risk of failure)
Aim: an adder (heavily wounded, 70% to hit)
The searing ray hits the adder!
You kill the adder! (Press . to maintain the ray.)
You feel sick.
You are no longer poisoned.
There is an open door here.
You don't know that spell.
You close the door.
You start resting.
You start resting.
You open the door.
There is an open door here.
Aim: a komodo dragon (wandering, hasn't noticed you, 87% to hit)
The searing ray hits the komodo dragon but does no damage.
The komodo dragon hisses angrily. (Press . to maintain the ray.)
The searing ray hits the komodo dragon!
The searing ray hits the komodo dragon but does no damage.
The komodo dragon bites you!
Restarting spell: Searing Ray (safe; 1% risk of failure)
Aim: a komodo dragon (lightly wounded, 87% to hit)
The searing ray hits the komodo dragon! (Press . to maintain the ray.)
The komodo dragon bites you!!
The searing ray hits the komodo dragon.
The komodo dragon misses you.
The searing ray hits the komodo dragon!
The komodo dragon bites you!!
* * * LOW HITPOINT WARNING * * *
The komodo dragon attacks as you move away!
The komodo dragon bites you!
* * * LOW HITPOINT WARNING * * *
You feel much better. The komodo dragon closely misses you.
The komodo dragon attacks as you move away!
The komodo dragon bites you!!
* * * LOW HITPOINT WARNING * * *
You hit the komodo dragon but do no damage.
The komodo dragon bites you!!
You die...

######### #.......####
####### ....##§##.†..######
#.<†... .
#.§?####......#########.#####
#..§# ###..#.#.............#
#S.D# #.##l#.....#####.###.#
#...# #..'.@.....(.....##...
#.Yl# #.##.....#..##........
#...# ###....###.###.####(..
#($)# ...#...#..# #.# ##.#
.......#.#.###.#####.#
..#...#.##.............. #
......##.#####.#####..
.......... #........ ..##
#######..


You could see a komodo dragon.

Vanquished Creatures
  Sigmund (D:3)
  A steam dragon (D:6)
  A water moccasin (D:6)
  A sky beast (D:6)
  A black bear (D:5)
  A centaur (D:5)
  An ogre (D:5)
  2 phantoms
  A bullfrog (D:5)
  Blork the orc (D:4)
  4 hounds
  2 jellies (D:5)
  Natasha (thrice) (D:4)
  Ijyb (D:3)
  An orc wizard (D:4)
  5 adders
  An ufetubus (D:4)
  2 worms (D:4)
  3 dart slugs
  5 orcs
  7 endoplasms
  5 giant cockroaches
  8 hobgoblins
  8 jackals (D:2)
  5 quokkas
  4 ball pythons
  5 bats
  2 frilled lizards
  3 goblins
  9 kobolds
  4 rats
98 creatures vanquished.

Notes
Turn   | Place    | Note
-------+----------+-------------------------------------------
     0 | D:1      | CryoSword the Demigod Conjurer began the quest for the Orb.
     0 | D:1      | Reached XP level 1. HP: 14/14 MP: 5/5
   157 | D:1      | Reached skill level 4 in Conjurations
   226 | D:1      | Reached XP level 2. HP: 10/20 MP: 0/7
   229 | D:1      | Learned a level 2 spell: Searing Ray
  1290 | D:2      | Reached XP level 3. HP: 26/26 MP: 1/8
  2208 | D:3      | Reached skill level 5 in Conjurations
  2303 | D:3      | Noticed Ijyb
  2353 | D:3      | Killed Ijyb
  2354 | D:3      | Reached XP level 4. HP: 19/33 MP: 0/9
  2462 | D:3      | Identified the ring of Jurrycli {Str+6 Int+3}
  2954 | D:3      | Noticed Sigmund
  2960 | D:3      | Killed Sigmund
  2961 | D:3      | Reached skill level 6 in Conjurations
  2961 | D:3      | Reached XP level 5. HP: 29/38 MP: 1/10
  3130 | D:3      | Identified the +0 robe "Xukuzuin" {rF+ Regen+}
  3354 | D:4      | Noticed Blork the orc
  3362 | D:4      | Killed Blork the orc
  3363 | D:4      | Reached skill level 1 in Polearms
  3363 | D:4      | Reached XP level 6. HP: 43/46 MP: 5/11
  3369 | D:4      | Reached skill level 1 in Fighting
  3833 | D:4      | Noticed Natasha
  3837 | D:4      | Killed Natasha
  4074 | D:4      | Noticed Natasha
  4080 | D:4      | Killed Natasha
  4548 | D:4      | Noticed Natasha
  4555 | D:4      | Killed Natasha
  4556 | D:4      | Reached XP level 7. HP: 28/55 MP: 4/12
  4921 | D:5      | Entered Level 5 of the Dungeon
  5138 | D:5      | Found Ofyaboi's General Store.
  5138 | D:5      | Found Juc Dyax's General Store.
  5145 | D:5      | Bought a potion of curing for 45 gold pieces
  5145 | D:5      | Bought a scroll of blinking for 112 gold pieces
  5145 | D:5      | Bought a scroll of identify for 30 gold pieces
  5507 | D:5      | Found Hasiptau's Assorted Antiques.
  5520 | D:5      | Bought a scroll labelled PIOWKI TELIRGH for 18 gold pieces
  5520 | D:5      | Bought a scroll labelled NIVIH YCIDU for 18 gold pieces
  6048 | D:6      | Reached skill level 5 in Polearms
  6048 | D:6      | Reached XP level 8. HP: 63/63 MP: 8/13
  6052 | D:6      | Reached skill level 1 in Armour
  6138 | D:6      | Noticed a komodo dragon
  6151 | D:6      | Reached skill level 7 in Conjurations
  6195 | D:6      | Mangled by a komodo dragon

Illustrated notes

Levels and vault maps discovered:
D:1:      dpeg_arrival_simpleton_b, layout_basic, hex_large,
          nicolae_hexahallways
D:2:      layout_loops_cross, basic_altar
D:3:      layout_basic, roderic_roman_lattice, kennysheep_generic_room_10,
          uniq_ijyb, uniq_sigmund
D:4:      layout_basic, uniq_natasha, uniq_blork_the_orc
D:5:      layout_basic, serial_shops, shop, nicolae_shop_peninsula,
          nicolae_shop_real_fake_doors
D:6:      layout_loops_ring, minmay_temple_entry_offerings, ebering_ghost_xom,
          minmay_divided_ellipse, uniq_crazy_yiuf_cottage

Skill      XL: |  1  2  3  4  5  6  7  8 |
---------------+-------------------------+-----
Conjurations   | 4 5 6 7 |  7.0
Polearms       | 1 3 5 |  5.4
Fighting       | 2 3 |  3.7
Dodging        | 2 |  2.4
Stealth        | 2 |  2.6
Armour         | 1 |  1.4
Spellcasting   | |  1.7

Action                     |  1- 3 |  4- 6 |  7- 9 || total
---------------------------+-------+-------+-------++-------
  Melee: Dagger            |    41 |       |       ||    41
         Unarmed           |     5 |       |       ||     5
         Short sword       |     2 |       |       ||     2
         Halberd           |       |    12 |    13 ||    25
   Cast: Magic Dart        |    30 |     7 |       ||    37
         Searing Ray       |    26 |    24 |    16 ||    66
  Evoke: Wand              |       |       |     1 ||     1
    Use: Scroll            |     4 |       |     8 ||    12
         Potion            |     1 |       |     1 ||     2
   Stab: Sleeping          |     2 |       |     1 ||     3
         Paralysed         |       |       |     2 ||     2
 Armour: Robe              |    33 |     8 |     7 ||    48
  Dodge: Dodged            |    67 |    20 |    28 ||   115

Table legend: (Time is in decaauts)
 A = Elapsed time spent in this place.
 B = Non-inter-level travel time spent in this place.
 C = Inter-level travel time spent in this place.
 D = Time resting spent in this place.
 E = Time spent auto-exploring this place.
 F = Levels seen in this place.
 G = Mean time per level.
                   A        B        C        D        E       F      G
               +--------+--------+--------+--------+--------+-----+--------+
         Total |   6200 |   6102 |     98 |    311 |   4998 |   6 | 1033.3 |
       Dungeon |   6200 |   6102 |     98 |    311 |   4998 |   6 | 1033.3 |
               +--------+--------+--------+--------+--------+-----+--------+

Top non-repeatable levels by time:
     D:4: 1620 daAuts
     D:1: 1176 daAuts
     D:2: 1083 daAuts
     D:3: 1042 daAuts
     D:5: 1018 daAuts
     D:6: 258 daAuts
